 Dungeon Crawl Stone Soup version 0.19.0-11-g3fc08b3 (webtiles) character file.

331 Malachi the Insei (level 6, -11/47 HPs)
             Began as a Demigod Transmuter on Nov 9, 2016.
             Killed from afar by Pikel (22 damage)
             ... with a wand of lightning
             ... on level 4 of the Dungeon.
             The game lasted 00:06:12 (4643 turns).

Malachi the Insei (Demigod Transmuter)              Turns: 4643, Time: 00:06:13

Health: -11/47     AC:  4    Str: 13    XL:     6   Next: 5%
Magic:  8/13       EV: 13    Int: 21    God:
Gold:   173        SH:  0    Dex: 16    Spells: 2 memorised, 8 levels left

rFire  + . .     SeeInvis .       - Unarmed
rCold  x . .     Gourm    .     b - +0 robe
rNeg   . . .     Faith    .     (no shield)
rPois  .         Spirit   .     (no helmet)
rElec  .         Reflect  .     (no cloak)
rCorr  .         Harm     .     k - +0 pair of gloves
MR     .....                    j - +0 pair of boots
Stlth  ++........               (no amulet)
                                (no ring)
                                p - ring of fire

@: no status effects
A: high mp 1
a: no special abilities


You were on level 4 of the Dungeon.
You were not hungry.

You visited 1 branch of the dungeon, and saw 4 of its levels.

You collected 173 gold pieces.

Inventory:

Missiles
 a - 38 arrows
 i - a throwing net (quivered)
Armour
 b - a +0 robe (worn)
 e - the +4 shield of the Boiling Point {rCorr Str+3}
   (You found it on level 4 of the Dungeon)

   It affects your strength (+3).
   It protects you from acid and corrosion.
 j - a +0 pair of boots (worn)
 k - a +0 pair of gloves (worn)
 n - a +0 animal skin
Jewellery
 p - a ring of fire (left hand)
Scrolls
 l - a scroll of teleportation
Potions
 m - a potion of flight
 o - a potion of magic {unknown}
 q - 3 potions of curing {unknown}
 s - a potion of agility {unknown}
 v - a potion of degeneration {unknown}
Books
 c - a book of Changes

   Spells                             Type                      Level
   a - Beastly Appendage              Transmutation                1
   b - Sticks to Snakes               Transmutation                2
   c - Spider Form                    Transmutation/Poison         3
   d - Ice Form                       Ice/Transmutation            4
   e - Blade Hands                    Transmutation                5
Comestibles
 d - 2 bread rations
 f - 2 meat rations
 g - 2 beef jerkies
 h - a royal jelly
 t - 3 fruits


   Skills:
 + Level 1.0 Fighting
 + Level 2.5 Dodging
 + Level 1.0 Stealth
 + Level 4.7 Unarmed Combat
 + Level 3.1 Spellcasting
 + Level 2.8 Transmutations


You had 8 spell levels left.
You knew the following spells:

 Your Spells              Type           Power        Failure   Level  Hunger
a - Beastly Appendage     Tmut           ###...       4%          1    None
b - Sticks to Snakes      Tmut           ###.....     8%          2    ##.....


Dungeon Overview and Level Annotations

Branches:
Dungeon (4/15)             Temple (0/1) D:4

Annotations:
D:4 Pikel


Innate Abilities, Weirdness & Mutations

You have an increased reservoir of magic. (+10% MP)


Message History

t - Shout!
Orders for allies: a - Attack new target. p - Attack previous target. r - Retreat! s - Stop attacking. g - Guard the area. f - Follow me.
Anything else - Cancel.
Gang up on whom?
Press: ? - help, Dir - move target cursor, f - Pikel, p - slave
Aim: Pikel, wielding a whip of electrocution, wearing a robe and carrying a wand of lightning {zapped: 1} (moderately wounded) Attack!
Your adder bites Pikel.
Pikel hits you with a whip of electrocution!
* * * LOW HITPOINT WARNING * * *
You are too injured to fight recklessly!
Your adder bites Pikel but does no damage.
Pikel waves his whip at you.
Casting: Sticks to Snakes
Confirm with . or Enter, or press ? or * to list all spells.
You create a snake!
You now have 38 arrows.
Pikel closely misses you. The slave hits your adder.
Pikel zaps a wand.
The bolt of lightning hits you!
You die...

#.#
####...###### ..
#. #.....## .. .
#...###.### ..
...# #..p# .# )#
###p### .#.
#.Sp# .#. ###K#
##... #.# ##...#
#@## #...## #.S#
##.#.# ##(###
##.[#.# #...#
###..##.#
###.####...###.#
#.##...### #.#
##.....### #.#
##..###...## #.#
#..## ###..# #.#


You could see Pikel, a slave, a friendly adder and a friendly ball python.

Vanquished Creatures
  A slave (D:4)
  A big kobold (D:3)
  A scorpion (D:4)
  2 orc priests (D:4)
  A worker ant (D:4)
  5 adders
  A worm (D:3)
  A dart slug (D:3)
  6 leopard geckos
  5 orcs
  A ball python (D:2)
  4 bats
  4 giant cockroaches
  10 goblins
  4 hobgoblins
  14 jackals
  9 kobolds
  A quokka (D:2)
  A ball python skeleton (D:4)
  3 frilled lizards
  4 rats
79 creatures vanquished.

Vanquished Creatures (collateral kills)
  An orc (D:4)
1 creature vanquished.

Grand Total: 80 creatures vanquished

Notes
Turn   | Place    | Note
-------+----------+-------------------------------------------
     0 | D:1      | Malachi the Demigod Transmuter began the quest for the Orb.
     0 | D:1      | Reached XP level 1. HP: 15/15 MP: 5/5
   241 | D:1      | Reached XP level 2. HP: 16/22 MP: 5/7
   247 | D:1      | Learned a level 2 spell: Sticks to Snakes
   798 | D:1      | Reached skill level 3 in Unarmed Combat
  1843 | D:2      | Reached XP level 3. HP: 27/27 MP: 8/8
  2329 | D:3      | Found a shimmering altar of Xom.
  2554 | D:3      | Reached XP level 4. HP: 30/34 MP: 10/10
  2870 | D:3      | Found a burning altar of Makhleb.
  3058 | D:3      | Noticed a big kobold
  3076 | D:3      | Killed a big kobold
  3076 | D:3      | Reached skill level 4 in Unarmed Combat
  3076 | D:3      | Reached XP level 5. HP: 34/39 MP: 7/11
  3341 | D:4      | Got a spiked shield
  3347 | D:4      | Identified the +4 shield of the Boiling Point {rCorr Str+3} (You found it on level 4 of the Dungeon)
  3446 | D:4      | Reached skill level 1 in Stealth
  3745 | D:4      | Reached skill level 1 in Fighting
  4050 | D:4      | Reached XP level 6. HP: 26/47 MP: 13/13
  4056 | D:4      | Found a staircase to the Ecumenical Temple.
  4273 | D:4      | Noticed Pikel
  4643 | D:4      | Killed from afar by Pikel

Skill      XL: |  1  2  3  4  5 |
---------------+----------------+-----
Transmutations | 2 |  2.8
Spellcasting   | 2 3 |  3.1
Unarmed Combat | 3 4 |  4.7
Dodging        | 2 |  2.5
Stealth        | 1 |  1.0
Fighting       | 1 |  1.0

Action                   |  1- 3 |  4- 6 || total
-------------------------+-------+-------++-------
Melee: Unarmed           |   172 |   148 ||   320
       Kick              |    12 |       ||    12
       Headbutt          |     6 |    18 ||    24
       Punch             |     2 |     6 ||     8
 Cast: Beastly Appendage |    21 |    11 ||    32
       Sticks to Snakes  |     1 |    11 ||    12
  Use: Scroll            |       |     5 ||     5
 Stab: Sleeping          |     3 |       ||     3
       Distracted        |       |     1 ||     1
  Eat: Chunk             |     6 |     3 ||     9
       Bread ration      |       |     1 ||     1
Armor: Robe              |    34 |    31 ||    65
Dodge: Dodged            |   111 |   103 ||   214
